 Dungeon Crawl Stone Soup version 0.30-a0-808-g6e0788376e (webtiles) character file.

Game seed: 18165421344267272123

7858 Twinkles the Covert (level 11, -2/56 HPs)
             Began as a Spriggan Delver on Feb 26, 2023.
             Was an Elder of Vehumet.
             Slain by a demonic crawler (17 damage)
             ... on level 10 of the Dungeon.
             The game lasted 01:03:31 (15630 turns).

Twinkles the Covert (Spriggan Delver)              Turns: 15630, Time: 01:03:31

Health: -2/56      AC:  4    Str: 13    XL:     11   Next: 2%
Magic:  10/24      EV: 24    Int: 22    God:    Vehumet [****..]
Gold:   494        SH:  5    Dex: 23    Spells: 4/27 levels left

rFire   . . .      SeeInvis +    c - +6 dagger "Qolodul" {freeze, Str+5}
rCold   . . .      Faith    .    (no shield)
rNeg    . . .      Spirit   .    p - +2 robe {Will+}
rPois   .          Reflect  +    (helmet restricted)
rElec   .          Harm     .    (no cloak)
rCorr   .          Rampage  .    (gloves unavailable)
Will    ++...                    (boots unavailable)
Stlth   +++++                    r - amulet of reflection
HPRegen 0.29/turn                w - +6 ring of intelligence
MPRegen 0.19/turn                o - +6 ring of dexterity

@: very slightly contaminated, slowed, quick
A: very small, no large weapons, unfitting armour, see invisible, speed 3
a: Renounce Religion


You were on level 10 of the Dungeon.
You worshipped Vehumet.
Vehumet was greatly pleased with you.
You visited 2 branches of the dungeon, and saw 11 of its levels.

You collected 494 gold pieces.

Inventory:

Hand Weapons
 c - the +6 dagger "Qolodul" (weapon) {freeze, Str+5}
   (You found it on level 5 of the Dungeon)

   Str:       It affects your strength (+5).
 v - a +3 scimitar
Missiles
 e - a throwing net
 h - 13 boomerangs
 n - 2 curare-tipped darts
 x - 3 poisoned darts
Armour
 p - a +2 robe of willpower (worn)
 C - +0 steam dragon scales
Jewellery
 j - a ring of willpower
 l - a +6 ring of strength
 o - a +6 ring of dexterity (right hand)
 r - an amulet of reflection (around neck)
 t - a ring of ice
 u - a ring of fire
 w - a +6 ring of intelligence (left hand)
Wands
 d - a wand of digging (2)
 k - a wand of quicksilver (19)
 y - a wand of mindburst (17)
Scrolls
 a - a scroll of immolation {unknown}
 f - a scroll of butterflies {unknown}
 m - a scroll of amnesia
 q - a scroll of poison
 D - 2 scrolls of blinking
 E - 6 scrolls of fear
 F - 2 scrolls of fog
 I - 3 scrolls of noise {unknown}
 V - a scroll of vulnerability
 X - 3 scrolls of magic mapping
 Y - 3 scrolls of teleportation
 Z - a scroll of identify
Potions
 b - 3 potions of might {unknown}
 g - a potion of berserk rage {unknown}
 i - a potion of cancellation {unknown}
 z - a potion of lignification {unknown}
 A - 2 potions of attraction
 B - 2 potions of brilliance
 G - 3 potions of ambrosia
 H - a potion of haste
 J - 7 potions of curing
 N - 2 potions of heal wounds
Miscellaneous
 s - a tin of tremorstones (2/2)


   Skills:
 + Level 6.0 Fighting
 - Level 3.5 Short Blades
 - Level 8.1 Dodging
 + Level 10.6 Stealth
 - Level 8.5 Spellcasting
 * Level 6.1 Conjurations
 + Level 5.5 Transmutations
 - Level 5.9 Air Magic


You had 4 spell levels left.
You knew the following spells:

 Your Spells              Type           Power      Damage    Failure   Level
a - Arcjolt               Conj/Air       18%        1d28      4%          5
d - Static Discharge      Conj/Air       72%        2-5/arc   1%          2
i - Irradiate             Conj/Tmut      17%        3d17      4%          5
l - Lightning Bolt        Conj/Air       18%        1d32      4%          5
m - Mephitic Cloud        Conj/Pois/Air  27%        N/A       1%          3
s - Shock                 Conj/Air       100%       1d9       1%          1
v - Poisonous Vapours     Pois/Air       44%        N/A       1%          2

Your spell library contained the following spells:

 Spells                   Type           Power      Damage    Failure   Level
 Magic Dart               Conj           100%       1d8       1%          1
 Hailstorm                Conj/Ice       22%        3d7       1%          3
 Scorch                   Fire           18%        2d5       3%          2
 Cigotuvi's Dreadful Rot  Necr/Pois/Air  36%        N/A       4%          2
 Flame Wave               Conj/Fire      22%        2d8       5%          4
 Vhi's Electric Charge    Tloc/Air       44%        N/A       6%          3
 Ozocubu's Armour         Ice            9%         N/A       22%         3
 Ice Form                 Ice/Tmut       21%        N/A       22%         4
 Alistair's Intoxication  Tmut/Pois      14%        N/A       54%         5
 Eringya's Noxious Bog    Tmut/Pois      10%        N/A       63%         6
 Borgnjor's Vile Clutch   Necr/Erth      4%         N/A       89%         5
 Metabolic Englaciation   Hex/Ice        4%         N/A       89%         5
 Simulacrum               Ice/Necr       4%         N/A       100%        6
 Summon Cactus Giant      Summ           4%         N/A       100%        6


Dungeon Overview and Level Annotations

Branches:
Dungeon (10/15) Zot: 25624  Temple (1/1) D:4 Zot: 5934    Lair (0/5) D:8
    Orc: D:9-12

Altars:
Ashenzari
Cheibriados
Dithmenos
Elyvilon
Fedhas
Gozag
Hepliaklqana
Kikubaaqudgha
Makhleb
Nemelex Xobeh
Okawaru
Qazlal
Ru
Sif Muna
Trog
Uskayaw
Vehumet
Wu Jian
Xom
Yredelemnul
Zin
The Shining One

Annotations:
D:3 exclusions: hobgoblin and ogre
D:4 Edmund, Grinder
D:6 exclusions: wight and 4 more exclusions
D:7 exclusions: 3 electric eels and 5 more exclusions
D:10 2 exclusions


Innate Abilities, Weirdness & Mutations

You are very small and have problems with some larger weapons.
You are too small for most types of armour.
You have supernaturally acute eyesight. (SInv)
You cover ground extremely quickly. (Speed+++)


Message History

The demonic crawler closely misses you. The demonic crawler barely misses you.
The demonic crawler completely misses you.
You see here a +0 arbalest.
The demonic crawler attacks as you move away!
The demonic crawler barely misses you.
The demonic crawler completely misses you.
You block the demonic crawler's attack. The demonic crawler barely misses you.
The demonic crawler hits you. The demonic crawler misses you.
The demonic crawler hits you.
* * * LOW HITPOINT WARNING * * *
The demonic crawler misses you. x2
Casting: Arcjolt (dangerous; 4% risk of failure)
Confirm with . or Enter, or press ? or * to list all spells.
Okay, then.
Unknown command.
Okay, then.
Casting: Arcjolt (dangerous; 4% risk of failure)
Confirm with . or Enter, or press ? or * to list all spells.
Okay, then.
Unknown command.
Okay, then.
Unknown command.
Okay, then.
Unknown command.
Okay, then.
Unknown command.
Okay, then.
Unknown command.
Casting: Arcjolt (dangerous; 4% risk of failure)
Confirm with . or Enter, or press ? or * to list all spells.
Okay, then.
Unknown command.
Casting: Arcjolt (dangerous; 4% risk of failure)
Confirm with . or Enter, or press ? or * to list all spells.
You erupt in a fountain of uncontrolled magic!
The demonic crawler is blasted with magical radiation!!
The demonic crawler is heavily wounded.
You are very lightly contaminated with residual magic.
The demonic crawler misses you. The demonic crawler hits you!
You die...

.........# ##............
........## #.#..........
.......## ######
##..........# .......#
##....#### #.........##
......##
##........####.##....##
......#
##..........###..##..##
.....##
#.)...........##.#####
....##
##................)..#####
....#
##.....<..@s......####...)#
...####.................#
####..
.#.###..................#
###
##..##......#####.......#
######
##....####.#####.......#
#...##
#..#.#.......##.......#
#....#
##...#.##.##.##.......#
##.....
#...#.#...#.##.......#
#......
##......_...........##
#......


You could see a demonic crawler.

Vanquished Creatures
  A cyclops (D:8)
  A troll (D:10)
  2 wraiths
  2 wyverns
  A shadow (D:9)
  Eustachio (D:5)
  A vampire (D:10)
  A yak (D:8)
  3 steam dragons
  2 vampire mosquitoes (D:9)
  2 swamp worms (D:10)
  3 water moccasins (D:7)
  5 ogres
  A black bear (D:8)
  5 ice beasts
  6 orc warriors
  A centaur (D:8)
  2 necrophages
  4 bullfrogs
  2 gnoll sergeants (D:5)
  3 scorpions
  18 wights
  13 killer bees
  5 howler monkeys
  A gnoll bouda (D:6)
  6 orc priests (D:8)
  3 hounds
  5 iguanas
  7 orc wizards
  13 gnolls
  11 adders
  2 shadow imps
  2 white imps
  An ufetubus (D:4)
  3 worms
  A dart slug (D:2)
  40 orcs
  4 endoplasms
  8 giant cockroaches
  4 goblins
  8 hobgoblins
  2 jackals (D:2)
  4 kobolds
  A quokka (D:1)
  6 ball pythons
  7 bats
  2 frilled lizards
  6 rats
232 creatures vanquished.

Vanquished Creatures (others)
  A kobold brigand (D:10)
  21 fungi (D:8)
  23 plants
45 creatures vanquished.

Grand Total: 277 creatures vanquished

Notes
Turn   | Place    | Note
-------+----------+-------------------------------------------
     0 | D:5      | Twinkles the Spriggan Delver began the quest for the Orb.
     0 | D:5      | Reached XP level 1. HP: 11/11 MP: 2/2
     3 | D:5      | Noticed a scorpion
    54 | D:5      | Identified the +6 dagger "Qolodul" {freeze, Str+5}
    58 | D:5      | Noticed an ice beast
    61 | D:5      | Noticed an iguana
    72 | D:5      | Killed an iguana
    73 | D:5      | Reached XP level 2. HP: 16/16 MP: 3/3
    75 | D:5      | Killed an ice beast
    76 | D:5      | Reached skill level 8 in Stealth
    76 | D:5      | Reached XP level 3. HP: 20/20 MP: 4/4
    76 | D:5      | Reached XP level 4. HP: 24/24 MP: 5/5
    85 | D:5      | Noticed an ogre
   141 | D:5      | Noticed Eustachio
   147 | D:5      | Noticed an ogre
   236 | D:5      | Noticed a gnoll sergeant
   287 | D:5      | Noticed an orc warrior
   392 | D:4      | Found a staircase to the Ecumenical Temple.
   402 | Temple   | Entered the Ecumenical Temple
   491 | Temple   | Became a worshipper of Vehumet
   510 | D:4      | Noticed an ogre
   598 | D:1      | Reached XP level 5. HP: 28/28 MP: 6/6
   819 | D:1      | Found a faded altar of an unknown god.
  1369 | D:2      | Reached * piety under Vehumet
  1369 | D:2      | Offered knowledge of Shock by Vehumet.
  1373 | D:2      | Learned a level 1 spell: Shock
  1842 | D:2      | Found a white marble altar of Elyvilon.
  2046 | D:3      | Noticed an ogre
  2996 | D:4      | Reached skill level 1 in Spellcasting
  3006 | D:4      | Noticed an ogre
  3095 | D:3      | Killed an ogre
  3096 | D:3      | Reached skill level 1 in Air Magic
  3096 | D:3      | Reached XP level 6. HP: 32/32 MP: 3/9
  3205 | D:4      | Reached skill level 5 in Dodging
  3218 | D:4      | Reached skill level 1 in Conjurations
  3293 | D:4      | Learned a level 2 spell: Static Discharge
  3294 | D:4      | Noticed Grinder
  3647 | D:3      | Reached skill level 9 in Stealth
  3937 | D:4      | HP: 5/32 [iguana (14)]
  4083 | D:4      | Offered knowledge of Magic Dart by Vehumet.
  4086 | D:4      | Learned a level 1 spell: Magic Dart
  4109 | D:4      | Reached ** piety under Vehumet
  4242 | D:4      | Found a glowing silver altar of Zin.
  4243 | D:4      | Found a white marble altar of Elyvilon.
  4244 | D:4      | Found a glowing golden altar of the Shining One.
  4264 | D:4      | Reached XP level 7. HP: 19/36 MP: 3/11
  4550 | D:4      | Noticed Edmund
  6049 | D:5      | Killed Eustachio
  6279 | D:5      | Reached XP level 8. HP: 39/40 MP: 2/15
  6439 | D:5      | Offered knowledge of Poisonous Vapours by Vehumet.
  7140 | D:6      | Reached *** piety under Vehumet
  7295 | D:6      | Reached skill level 5 in Spellcasting
  8791 | D:7      | Reached XP level 9. HP: 34/44 MP: 0/19
  8908 | D:7      | Learned a level 2 spell: Poisonous Vapours
  8912 | D:7      | Learned a level 3 spell: Mephitic Cloud
  8918 | D:7      | Learned a level 5 spell: Arcjolt
  8924 | D:7      | Learned a level 5 spell: Lightning Bolt
  9441 | D:7      | Offered knowledge of Dazzling Flash by Vehumet.
  9585 | D:7      | Found a bloodstained altar of Trog.
  9844 | D:7      | Reached skill level 5 in Air Magic
 10656 | D:8      | Found a blossoming altar of Fedhas.
 10790 | D:8      | Noticed a cyclops
 10795 | D:8      | Killed a cyclops
 11068 | D:8      | Reached **** piety under Vehumet
 11223 | D:8      | Reached XP level 10. HP: 41/51 MP: 16/22
 11264 | D:8      | Offered knowledge of Irradiate by Vehumet.
 11704 | D:8      | Reached skill level 5 in Conjurations
 11704 | D:8      | Reached skill level 1 in Transmutations
 11907 | D:8      | Reached skill level 5 in Fighting
 12461 | D:7      | Learned a level 5 spell: Irradiate
 12482 | D:8      | Found a staircase to the Lair.
 12586 | D:8      | Identified the +0 pair of gloves of the Turtledove {rElec
                  | rF+}
 13217 | D:9      | Found a shimmering blue altar of Sif Muna.
 13217 | D:9      | Found a hazy altar of Hepliaklqana.
 13968 | D:10     | Entered Level 10 of the Dungeon
 13970 | D:10     | Reached skill level 10 in Stealth
 13975 | D:9      | HP: 15/52 [/static electricity (2)]
 14642 | D:10     | Found an ancient bone altar of Kikubaaqudgha.
 14666 | D:10     | Reached skill level 5 in Transmutations
 15476 | D:10     | Reached XP level 11. HP: 36/56 MP: 15/24
 15629 | D:10     | HP: 14/56 [demonic crawler (5)]
 15630 | D:10     | Slain by a demonic crawler

Illustrated notes

Levels and vault maps discovered:
D:1:      moated_graveyard_arrival, layout_basic,
          dreamdust_ecumenical_altar_statues
D:2:      layout_basic, basic_altar
D:3:      layout_loops_corners, hangedman_decor_growths
D:4:      layout_cave_pods, good_gods_temple_1,
          minmay_temple_entry_statues_pillars, minmay_surrounded, uniq_edmund,
          uniq_grinder
D:5:      minmay_spotlight, layout_rooms, uniq_eustachio
D:6:      layout_rooms, minivault_4, chequers_serial_rivers_large_a,
          nicolae_water_bricks
D:7:      layout_cave_pods, mainiacjoe_overflow_catwalk, fountainhead
D:8:      layout_rooms, fedhas_altar_1, grunt_lair_entry_orc_guard_hut
D:9:      layout_loops_corners, gammafunk_temple_overflow_wave
D:10:     layout_cave_pods, nicolae_overflow_crystal_walls, minivault_14,
          worms_lemuel
Temple:   zaba_magenta_temple

Skill      XL: |  1  2  3  4  5  6  7  8  9 10 11 |
---------------+----------------------------------+-----
Dodging        | 3 4 5 6 8 |  8.1
Fighting       | 3 4 5 6 |  6.0
Short Blades   | 3 |  3.5
Stealth        | 8 9 10 | 10.6
Spellcasting   | 1 2 4 6 7 8 |  8.5
Air Magic      | 1 3 4 5 |  5.9
Conjurations   | 1 2 3 4 6 |  6.1
Transmutations | 5 |  5.5

Action                     |  1- 3 |  4- 6 |  7- 9 | 10-12 || total
---------------------------+-------+-------+-------+-------++-------
  Melee: Short sword       |     3 |       |       |       ||     3
         Dagger            |     2 |   142 |   159 |    41 ||   344
         Punch             |       |     1 |     3 |     1 ||     5
  Throw: Throwing net      |       |     1 |       |       ||     1
         Boomerang         |       |     1 |       |       ||     1
   Cast: Shock             |       |    20 |   141 |   105 ||   266
         Static Discharge  |       |     7 |    86 |    45 ||   138
         Magic Dart        |       |       |     5 |       ||     5
         Mephitic Cloud    |       |       |     5 |    18 ||    23
         Poisonous Vapours |       |       |     5 |     4 ||     9
         Lightning Bolt    |       |       |     2 |     9 ||    11
         Arcjolt           |       |       |     1 |     2 ||     3
         Irradiate         |       |       |       |     3 ||     3
  Evoke: Wand              |     1 |       |       |       ||     1
    Use: Scroll            |       |     3 |     2 |     6 ||    11
   Stab: Sleeping          |     2 |    20 |    10 |     9 ||    41
         Distracted        |       |     1 |     4 |       ||     5
         Confused          |       |       |       |     1 ||     1
 Armour: Robe              |       |     9 |     6 |     7 ||    22
  Dodge: Dodged            |     3 |    78 |   170 |    89 ||   340
  Block: Other             |       |       |    21 |    27 ||    48
         Reflection        |       |       |     5 |     5 ||    10

Table legend: (Time is in decaauts)
 A = Elapsed time spent in this place.
 B = Non-inter-level travel time spent in this place.
 C = Inter-level travel time spent in this place.
 D = Time resting spent in this place.
 E = Time spent auto-exploring this place.
 F = Levels seen in this place.
 G = Mean time per level.
                   A        B        C        D        E       F      G
               +--------+--------+--------+--------+--------+-----+--------+
         Total |  12226 |  11562 |    664 |   4043 |   4845 |  11 | 1111.5 |
       Dungeon |  12161 |  11527 |    634 |   4043 |   4815 |  10 | 1216.1 |
        Temple |     65 |     35 |     30 |      0 |     30 |   1 |   65.0 |
               +--------+--------+--------+--------+--------+-----+--------+

Top non-repeatable levels by time:
     D:7: 2481 daAuts
     D:4: 2034 daAuts
     D:6: 1536 daAuts
     D:9: 1210 daAuts
     D:5: 1152 daAuts
    D:10: 1120 daAuts
     D:3: 1065 daAuts
     D:2: 618 daAuts
     D:8: 571 daAuts
     D:1: 369 daAuts
  Temple: 65 daAuts
